 Dungeon Crawl Stone Soup version 0.17-a0-1393-gcb420ff (webtiles) character file.

56 bal the Skirmisher (level 3, -2/43 HPs)
             Began as a Demonspawn Berserker on June 16, 2015.
             Was a Believer of Trog.
             Slain by an adder (4 damage)
             ... on level 2 of the Dungeon.
             The game lasted 00:03:12 (1368 turns).

bal the Skirmisher (Demonspawn Berserker)           Turns: 1368, Time: 00:03:12

Health: -2/43      AC:  2    Str: 23    XL:     3   Next: 69%
Magic:  3/3        EV:  9    Int:  8    God:    Trog [**....]
Gold:   71         SH:  8    Dex: 12    Spells: 0 memorised, 2 levels left

rFire  . . .     SeeInvis .     a - +0 hand axe
rCold  . . .     Clarity  .     b - +0 animal skin
rNeg   . . .     SustAt   .     d - +0 shield
rPois  .         Gourm    .     (no helmet)
rElec  .         Spirit   .     (no cloak)
rCorr  .         Warding  .     (no gloves)
rMut   .         Stasis   .     (no boots)
MR     ++...                    (no amulet)
Stlth  ..........               (no ring)
                                (no ring)

@: berserking, lethally poisoned (-2 -> -3), regenerating, very quick, very
resistant to hostile enchantments, extremely unstealthy
A: hooves 1, nightstalker 1
a: Burn Spellbooks, Berserk, Trog's Hand, Renounce Religion


You were on level 2 of the Dungeon.
You worshipped Trog.
Trog was pleased with you.
You were hungry.

You visited 1 branch of the dungeon, and saw 2 of its levels.

You collected 71 gold pieces.

Inventory:

Hand weapons
 a - a +0 hand axe (weapon)
 n - a +3 whip
Armour
 b - a +0 animal skin (worn)
 d - a +0 shield (worn)
Scrolls
 g - a scroll of enchant weapon {unknown}
 h - 2 scrolls of amnesia {unknown}
 j - a scroll of enchant armour {unknown}
Potions
 i - a potion of ambrosia
Comestibles
 c - a bread ration
 f - a beef jerky
 l - 5 chunks of flesh
 o - a meat ration


   Skills:
 + Level 3.4 Fighting
 + Level 3.3 Axes
 + Level 1.8 Armour
 + Level 2.4 Dodging
 + Level 0.8 Stealth
 + Level 0.1 Shields


You had 2 spell levels left.
You didn't know any spells.

Dungeon Overview and Level Annotations

Branches:
Dungeon (2/15)

Altars:


Innate Abilities, Weirdness & Mutations

You have large cloven feet.
You are slightly more attuned to the shadows.


Message History

Use which ability? (? or * to list)
Your skin crawls.
You feel resistant to hostile enchantments.
You feel slightly more hungry.
You feel sick. The adder barely misses you.
Use which ability? (? or * to list)
A red film seems to cover your vision as you go berserk!
You feel yourself moving faster!
You feel mighty!
You are feeling hungry.
You feel sick. The adder bites you.
* * * LOW HITPOINT WARNING * * *
You are more poisoned.
The adder poisons you!
You closely miss the adder. Your kick misses the adder.
The adder is lightly wounded.
You feel sick. The adder bites you but does no damage. The adder bites you.
* * * LOW HITPOINT WARNING * * *
You miss the adder. Your kick misses the adder.
The adder is lightly wounded.
You feel sick. The adder bites you.
You die...

#...# #...# #...#
###### #...#
.....## #...#
....>.# ###S..#
......# #..@..#
.....## #.#...#
####..## # .. #...#
#...# #.# #...#
####..####.####..##
.............#...##
.#####...###......#
#.......#.....##
#.......#.<#.##


You could see an adder.

Vanquished Creatures
  2 adders (D:2)
  A giant gecko (D:1)
  3 giant cockroaches (D:1)
  2 hobgoblins (D:1)
  8 jackals (D:1)
  3 bats
  A giant newt (D:2)
  5 goblins
  4 kobolds
  8 rats (D:1)
37 creatures vanquished.

Notes
Turn   | Place    | Note
--------------------------------------------------------------
     0 | D:1      | bal the Demonspawn Berserker began the quest for the Orb.
     0 | D:1      | Reached XP level 1. HP: 18/18 MP: 1/1
   220 | D:1      | Gained mutation: You are slightly more attuned to the shadows. [demonic ancestry]
   220 | D:1      | Reached XP level 2. HP: 17/24 MP: 2/2
   518 | D:1      | Acquired Trog's second power
   989 | D:1      | Gained mutation: You have large cloven feet. [demonic ancestry]
   989 | D:1      | Reached XP level 3. HP: 16/29 MP: 3/3
  1367 | D:2      | HP: 2/43 [adder (4)]
  1368 | D:2      | Slain by an adder

Vault maps used:
D:1:      dpeg_arrival_radiant, minmay_crystal_water
D:2:      lemuel_upstairs_altar, nicolae_overflow_hidden_temple,
          cheibriados_altar_wand_db, elyvilon_altar_3

Action                   || total
-------------------------++-------
Melee: Hand axe          ||   124
Invok: Trog's Hand       ||     2
       Berserk           ||     1
  Use: Potion            ||     4
 Stab: Sleeping          ||     8
  Eat: Beef jerky        ||     1
